 Dungeon Crawl Stone Soup version 0.19.0-2-gae57169 (webtiles) character file.

16 shinino the Grasshopper (level 2, -4/19 HPs)
             Began as an Octopode Warper on Nov 4, 2016.
             Was an Initiate of Gozag.
             Slain by a gnoll
             ... wielding a +0 halberd
              (10 damage)
             ... on level 2 of the Dungeon.
             The game lasted 00:01:44 (899 turns).

shinino the Grasshopper (Octopode Warper)            Turns: 899, Time: 00:01:45

Health: -4/19      AC:  1    Str: 10    XL:     2   Next: 54%
Magic:  5/5        EV: 13    Int: 15    God:    Gozag
Gold:   18         SH:  0    Dex: 11    Spells: 0 memorised, 6 levels left

rFire  . . .     SeeInvis .       - Unarmed
rCold  . . .     Gourm    .     (no shield)
rNeg   . . .     Faith    .     (helmet restricted)
rPois  .         Spirit   .     (no amulet)
rElec  .         Reflect  .     (no ring)
rCorr  .         Harm     .     (no ring)
MR     .....                    (no ring)
Stlth  ++........               (no ring)
                                (no ring)
                                (no ring)
                                (no ring)
                                (no ring)

@: gold aura, flying, very slightly contaminated, hasted, very quick
A: almost no armour, stealthy swim, amphibious, 8 rings, constrict 8, camouflage
1, gelatinous body 1
a: Potion Petition, Call Merchant, Bribe Branch, Renounce Religion


You were on level 2 of the Dungeon.
You worshipped Gozag.
Gozag was noncommittal.
You were not hungry.

You visited 1 branch of the dungeon, and saw 2 of its levels.

You collected 65 gold pieces.
You paid 47 gold pieces to Gozag.

Inventory:

Missiles
 c - 5 tomahawks of dispersal (quivered)
Jewellery
 h - a +5 ring of intelligence {unknown}
Scrolls
 b - a scroll of blinking
 f - a scroll of noise {unknown}
 j - a scroll of recharging {unknown}
 k - a scroll of teleportation {unknown}
Potions
 e - a potion of might {unknown}
 g - a potion of lignification {unknown}
 l - a potion of curing {unknown}
 m - a potion of heal wounds {unknown}
 n - a potion of cancellation {unknown}
Books
 a - a book of Spatial Translocations

   Spells                             Type                      Level
   a - Blink                          Translocation                2
   b - Shroud of Golubria             Charms/Translocation         2
   c - Lesser Beckoning               Translocation                3
   d - Portal Projectile              Translocation                3
   e - Teleport Other                 Translocation                3
   f - Passage of Golubria            Translocation                4
Comestibles
 d - a bread ration
 i - a meat ration


   Skills:
 - Level 2.0 Fighting
 - Level 1.0 Throwing
 - Level 2.3 Dodging
 + Level 2.5 Unarmed Combat
 + Level 2.5 Spellcasting
   Level 3.0 Translocations


You had 6 spell levels left.
You didn't know any spells.

Dungeon Overview and Level Annotations

Branches:
Dungeon (2/15)

Altars:
Gozag


Innate Abilities, Weirdness & Mutations

You cannot wear most types of armour.
You are very stealthy in the water. (Stealth+)
You are amphibious.
You can wear up to eight rings at the same time.
You can use your tentacles to constrict eight enemies at once.
Your skin changes colour to match your surroundings (Stealth+).
Your rubbery body absorbs attacks. (AC +1, EV +1)


Message History

You tentacle-slap the bat.
You kill the bat!
The gnoll misses you. The gnoll closely misses you.
You see here 6 gold pieces.
You tentacle-slap the gnoll but do no damage.
Your grab misses the gnoll. You squeeze the gnoll.
The gnoll is lightly wounded.
The gnoll misses you.
You tentacle-slap the gnoll. Your grab misses the gnoll.
The gnoll is moderately wounded.
The gnoll hits you with a spear!
Ouch! That really hurt!
You closely miss the gnoll. You grab the gnoll.
The gnoll is moderately wounded.
You constrict the gnoll, but do no damage.
The gnoll hits you from afar with a halberd!
Ouch! That really hurt!
You die...
Your body crumbles into a pile of gold.

#.# #.# #.# #.# #.#
.... #.# ..... #.#
..... #.#
.....##@#.#
......#g#.#########
......#g#.#........
#..g#.#........
##..#.#........
#...#.#........
#...#.#%.......
#...#.'g.......$
#.....#........


You could see 3 gnolls.

Vanquished Creatures
  3 bats
  4 giant cockroaches (D:1)
  2 goblins
  3 kobolds (D:1)
  3 rats
15 creatures vanquished.

Vanquished Creatures (others)
  A bat (D:1)
1 creature vanquished.

Grand Total: 16 creatures vanquished

Notes
Turn   | Place    | Note
-------+----------+-------------------------------------------
     0 | D:1      | shinino the Octopode Warper began the quest for the Orb.
     0 | D:1      | Reached XP level 1. HP: 14/14 MP: 3/3
   482 | D:1      | Reached XP level 2. HP: 19/19 MP: 5/5
   857 | D:2      | Found an opulent altar of Gozag.
   865 | D:2      | Became a worshipper of Gozag Ym Sagoz the Greedy
   899 | D:2      | Slain by a gnoll

Action                   || total
-------------------------++-------
Melee: Unarmed           ||    40
       Constrict         ||    12
       Tentacles         ||     3
Invok: Potion Petition   ||     1
 Stab: Sleeping          ||     1
Armor: Skin              ||     4
Dodge: Dodged            ||    34
